Map: Frozen Temple

Players

Nedi

  • Race: Zerg Zerg
  • League: Grandmaster

Miszu - Winner!

  • Race: Terran Terran
  • League: Grandmaster

VOD

Have the link to the VOD?

Description

Time

  • Played on: May 13, 2016, 12:39 p.m.
  • Length: 13:25
Show
View Real Time Build Order
Export as new Build Order

Nedi Zerg 

Build Orders: Pool First 

Get SALT Encoding   

  12  0:01  Drone  
  13  0:13  Overlord  
  13  0:17  Drone  
  14  0:32  Drone x2  
  17  0:35  Drone  
  17  0:45  Spawning Pool  
  17  0:48  Drone  
  17  0:57  Drone  
  18  1:13  Hatchery  
  18  1:15  Extractor  
  18  1:17  Drone  
  17  1:32  Zergling x4  
  19  1:33  Queen  
  19  1:39  Overlord  
  21  1:50  Drone  
  22  2:01  Drone  
  23  2:09  Queen  
  23  2:12  Drone  
  26  2:16  Metabolic Boost  
  26  2:22  Drone  
  27  2:25  Drone  
  28  2:33  Drone  
  29  2:37  Drone  
  29  2:41  Drone x3  
  33  2:46  Drone  
  34  2:52  Hatchery  
  34  2:55  Overlord  
  33  2:59  Drone  
  33  3:00  Drone  
  35  3:06  Drone  
  36  3:13  Queen, Drone  
  36  3:17  Drone  
  36  3:18  Drone x2  
  42  3:21  Drone x2  
  44  3:30  Roach Warren, Overlord  
  43  3:34  Extractor, Drone  
  43  3:36  Extractor  
  43  3:40  Drone  
  43  3:41  Drone  
  44  3:49  Drone x2  
  44  3:50  Drone x4  
  44  3:53  Drone  
  51  3:56  Lair  
  51  4:00  Spore Crawler  
  50  4:04  Spore Crawler  
  48  4:10  Spore Crawler  
  48  4:12  Queen  
  48  4:14  Roach  
  50  4:19  Overlord  
  50  4:21  Overlord  
  50  4:22  Spore Crawler  
  49  4:32  Overlord  
  49  4:38  Roach x3  
  55  4:39  Roach x2  
  55  4:41  Roach  
  55  4:44  Roach  
  63  4:48  Drone x2  
  65  4:54  Evolution Chamber  
  65  4:57  Evolution Chamber  
  65  4:58  Overseer  
  64  5:00  Drone x2  
  64  5:01  Drone  
  64  5:03  Drone  
  64  5:05  Drone  
  64  5:06  Drone  
  67  5:12  Drone x2  
  67  5:13  Extractor  
  68  5:15  Drone  
  68  5:18  Drone x2  
  71  5:21  Drone x2  
  71  5:23  Drone  
  74  5:32  Spire  
  73  5:36  Overlord x2  
  73  5:40  Zerg Missile Weapons Level 1  
  73  5:41  Drone  
  74  5:46  Overlord  
  74  5:57  Drone  
  74  5:58  Drone x7  
  74  5:59  Extractor  
  74  6:00  Extractor, Drone x2  
  74  6:02  Drone  
  74  6:04  Glial Reconstitution  
  83  6:09  Drone x3  
  83  6:18  Roach x3  
  83  6:22  Roach  
  83  6:24  Roach  
  77  6:29  Roach  
  77  6:31  Roach  
  78  6:36  Roach  
  80  6:50  Corruptor x2  
  84  6:54  Drone x4  
  88  7:04  Drone x5  
  93  7:12  Corruptor  
  93  7:14  Corruptor  
  97  7:17  Drone  
  98  7:27  Overlord x4  
  98  7:40  Overlord x2  
  98  7:41  Overlord x3  
  98  7:45  Corruptor  
  98  7:48  Corruptor  
  98  7:51  Corruptor  
  100  8:02  Corruptor x3  
  102  8:07  Corruptor  
  102  8:11  Ravager  
  102  8:12  Ravager x6  
  111  8:13  Roach  
  111  8:15  Roach  
  111  8:18  Drone x3  
  118  8:20  Drone  
  118  8:21  Drone  
  120  8:29  Corruptor x2  
  120  8:32  Roach x2  
  128  8:35  Roach  
  128  8:38  Drone  
  128  8:39  Roach  
  128  8:40  Roach  
  128  8:41  Roach  
  137  8:44  Roach x2  
  141  8:54  Corruptor x3  
  147  8:57  Roach  
  147  8:58  Roach  
  147  9:02  Zerg Missile Weapons Level 2  
  151  9:21  Drone x11  
  156  9:37  Corruptor x3  
  162  9:47  Hatchery  
  162  9:51  Overlord x3  
  161  9:53  Zerg Flyer Weapons Level 1  
  161  9:56  Queen, Hatchery  
  162  10:13  Drone x9  
  162  10:14  Drone x2  
  173  10:15  Corruptor  
  173  10:17  Infestation Pit  
  173  10:18  Ravager x6  
  180  10:22  Corruptor  
  180  10:26  Corruptor  
  184  10:29  Corruptor  
  186  10:40  Overlord  
  186  10:41  Overlord x3  
  186  10:47  Extractor x2, Corruptor  
  186  10:58  Queen  
  186  11:00  Corruptor x3  
  169  11:19  Corruptor  
  169  11:22  Corruptor  
  169  11:23  Corruptor x3  
  145  11:26  Corruptor  
  145  11:30  Drone x3  
  145  11:31  Queen, Drone x3  
  153  11:36  Corruptor x2  
  156  11:52  Corruptor x2  
  153  11:56  Corruptor  
  146  12:06  Corruptor  
  140  12:09  Corruptor  
  140  12:10  Zergling x22  
  140  12:11  Zergling x2  
  140  12:13  Drone x3  
  140  12:14  Drone  
  140  12:15  Drone  
  154  12:27  Corruptor  
  152  12:32  Queen  
  152  12:35  Drone x2  
  158  12:42  Spore Crawler, Overseer  
  155  12:56  Corruptor x5  
Show
View Real Time Build Order
Export as new Build Order

Miszu Terran - Winner!

Build Orders: Reaper Expand, Hellion Banshee 

Get SALT Encoding   

  12  0:00  SCV  
  13  0:12  SCV  
  14  0:17  Supply Depot  
  14  0:24  SCV  
  15  0:39  SCV  
  15  0:41  Barracks  
  16  0:44  Refinery  
  16  0:51  SCV  
  17  1:03  SCV  
  18  1:15  SCV  
  19  1:28  Orbital Command  
  19  1:29  Reaper  
  20  1:39  Command Center  
  20  1:54  Supply Depot  
  20  1:55  SCV  
  20  2:01  Marine  
  21  2:07  Factory  
  23  2:08  SCV  
  23  2:26  SCV  
  23  2:28  Barracks Reactor  
  24  2:33  Refinery  
  24  2:38  SCV  
  25  2:50  SCV  
  26  2:55  Orbital Command  
  25  3:00  Starport  
  25  3:08  Hellion x2  
  25  3:09  Barracks Tech Lab  
  25  3:10  Supply Depot  
  25  3:12  SCV  
  30  3:20  SCV  
  30  3:24  SCV  
  32  3:29  Hellion  
  32  3:30  Hellion  
  32  3:32  SCV  
  37  3:36  SCV  
  37  3:38  Barracks Reactor  
  38  3:43  Banshee  
  38  3:45  SCV  
  38  3:48  SCV  
  43  3:57  SCV  
  44  4:04  Command Center  
  44  4:08  SCV  
  45  4:12  SCV  
  48  4:17  Hellion  
  48  4:19  Hellion  
  48  4:20  SCV  
  48  4:21  Supply Depot  
  51  4:24  SCV  
  51  4:25  Liberator x2  
  52  4:33  SCV  
  52  4:36  SCV  
  54  4:39  Refinery  
  54  4:40  Refinery  
  54  4:44  Supply Depot  
  54  4:45  SCV  
  61  4:48  SCV  
  62  4:55  Armory  
  62  5:00  Supply Depot  
  62  5:05  SCV  
  62  5:06  Hellion x2  
  67  5:09  SCV  
  68  5:14  Liberator x2  
  68  5:17  SCV, Orbital Command  
  68  5:21  SCV  
  70  5:30  SCV  
  81  5:35  Hellion x2  
  81  5:36  SCV  
  81  5:42  Supply Depot  
  82  5:46  Orbital Command  
  82  5:49  Supply Depot x2  
  82  5:52  SCV x2  
  82  5:54  Terran Ship Weapons Level 1  
  88  5:57  Hellion x2  
  88  5:58  Supply Depot  
  89  6:04  SCV  
  89  6:07  Liberator  
  81  6:20  SCV  
  81  6:21  SCV x2, Liberator  
  86  6:30  Supply Depot, Starport  
  86  6:31  Starport  
  80  6:33  SCV x3  
  86  6:42  Engineering Bay  
  86  6:45  SCV x3  
  85  6:52  Liberator  
  85  6:53  Refinery x2  
  79  6:57  Hellion x2, SCV x3  
  85  7:04  Liberator  
  85  7:07  Starport Tech Lab  
  85  7:08  Banshee  
  85  7:09  SCV x3  
  85  7:15  Missile Turret  
  94  7:17  Missile Turret x2  
  94  7:19  Missile Turret  
  96  7:28  Banshee  
  98  7:36  Liberator  
  93  7:47  Liberator  
  89  7:52  SCV x2, Banshee  
  89  7:54  SCV  
  89  7:57  Hellion x2  
  102  8:04  SCV x2  
  101  8:07  SCV  
  101  8:11  Banshee  
  105  8:16  SCV  
  105  8:18  Hellion x2  
  110  8:24  Starport x2, SCV x2  
  112  8:28  Missile Turret  
  112  8:30  Missile Turret  
  112  8:32  Liberator  
  112  8:35  Terran Ship Weapons Level 2, Banshee  
  112  8:36  SCV x2  
  112  8:39  Hellion  
  112  8:40  Hellion  
  121  8:42  Liberator  
  121  8:52  SCV  
  121  8:54  Supply Depot, Banshee  
  121  8:55  Supply Depot x3, Command Center  
  128  9:02  Liberator  
  131  9:06  Starport Tech Lab x2  
  131  9:11  Hellion  
  131  9:13  Hellion  
  131  9:15  Liberator  
  131  9:20  Liberator  
  130  9:29  Fusion Core  
  127  9:32  Hellion  
  127  9:34  Hellion, Command Center  
  127  9:37  Liberator  
  137  9:42  Cloaking Field  
  137  9:50  Liberator  
  137  9:51  Supply Depot  
  137  9:53  Supply Depot, Hellion  
  137  9:54  Liberator  
  137  9:56  Hellion  
  144  10:04  Liberator  
  144  10:10  Missile Turret  
  144  10:11  Missile Turret  
  150  10:15  Supply Depot  
  153  10:23  Hellbat  
  155  10:33  Refinery  
  155  10:36  Hyperflight Rotors  
  155  10:38  Missile Turret  
  155  10:40  Banshee, Missile Turret x2  
  158  10:49  Refinery  
  158  10:50  Planetary Fortress  
  158  10:54  Command Center  
  158  10:55  Orbital Command  
  145  11:21  Liberator  
  145  11:24  Banshee x4  
  133  11:37  Advanced Ballistics  
  136  11:41  Hellion x2  
  138  11:50  Liberator x2  
  137  11:56  Liberator  
  137  12:05  Hellion x2  
  137  12:07  Liberator, Banshee  
  147  12:09  Command Center  
  144  12:26  Hellion x2  
  151  12:34  Refinery, Missile Turret  
  151  12:35  Refinery  
  151  12:36  Missile Turret  
  151  12:40  Command Center  
  151  12:48  Hellion  
Tags
 
Add a new tag
Caveats
  • Supply blocks, unpowered buildings, or Contaminate may cause inaccurate times.
  • Supply counts are checked every 10 seconds.